 Dungeon Crawl Stone Soup version 0.24-a0 (webtiles) character file.

Game seed: 2835439616134785575

187 ciochetta the Archer (level 5, -2/66 HPs)
             Began as a Centaur Hunter on Jan 29, 2019.
             Slain by a worker ant (5 damage)
             ... on level 4 of the Dungeon.
             The game lasted 00:13:13 (2595 turns).

ciochetta the Archer (Centaur Hunter)               Turns: 2595, Time: 00:13:14

Health: -2/66      AC: 22    Str: 15    XL:     5   Next: 39%
Magic:  5/5        EV:  1    Int: 12    God:
Gold:   178        SH:  0    Dex:  8    Spells: 4/4 levels left

rFire    + . .     SeeInvis .   a - +1 shortbow
rCold    + . .     Gourm    .   (shield currently unavailable)
rNeg     + + +     Faith    .   (armour currently unavailable)
rPois    +         Spirit   .   (helmet currently unavailable)
rElec    +         Reflect  .   (cloak currently unavailable)
rCorr    +         Harm     .   (gloves currently unavailable)
MR       .....     NoTele   +   (no barding)
Stlth    +.........             (no amulet)
HPRegen  0.21/turn              n - +2 ring of evasion
MPRegen  0.09/turn              (no ring)

@: lethally poisoned (-2 -> -4), tree-form, resistant
A: large, blurry vision 1, clever 1, clumsy 1, subdued magic 1
a: no special abilities


You were on level 4 of the Dungeon.
You were not hungry.
You were a tree.
You visited 1 branch of the dungeon, and saw 4 of its levels.

You collected 178 gold pieces.

Inventory:

Hand Weapons
 a - a +1 shortbow (weapon)
 b - a +0 short sword
Missiles
 d - 16 arrows (quivered)
Armour
 c - a +1 leather armour (melded)
 k - a +0 pair of gloves (melded)
 t - a +1 centaur barding (melded)
Jewellery
 n - a +2 ring of evasion (left branch)
Scrolls
 h - a scroll of identify
 j - a scroll of remove curse
 l - a scroll of magic mapping
 s - a scroll of teleportation
Potions
 e - 2 potions of degeneration
Comestibles
 f - 7 rations


   Skills:
 + Level 2.8 Fighting
 + Level 0.2 Short Blades
 + Level 8.0 Bows
 + Level 0.9 Armour
 + Level 1.5 Dodging
 + Level 0.5 Stealth


You had 4 spell levels left.
You didn't know any spells.
Your spell library was empty.

Dungeon Overview and Level Annotations

Branches:
Dungeon (4/15)
 Temple: D:4-7

Altars:


Innate Abilities, Weirdness & Mutations

((You have hooves in place of feet.))
((Armour fits poorly on your strangely shaped body.))
((You cover ground very quickly.))
((You have extremely tough skin. (AC +3)))
Scrolls take you a little longer to read.
Your mind is acute. (Int +2)
You are clumsy. (Dex -2)
Your spells are a little easier to cast, but a little less powerful.


Message History

You cannot move.
You feel sick.
The worker ant bites you but does no damage.
The worker ant bites you but does no damage.
You feel sick. The worker ant barely misses you.
You feel protected.
The worker ant bites you but does no damage.
You cannot move.
You cannot move.
You cannot move.
You cannot move.
You cannot move.
The worker ant bites you but does no damage. x2
The worker ant bites you but does no damage.
You feel sick. The worker ant bites you.
* * * LOW HITPOINT WARNING * * *
The worker ant bites you but does no damage.
The worker ant bites you but does no damage.
The worker ant bites you.
You die...

.<.<........## #####.#####
#####.......# #.........###
###...#.# #.###.#.....#
#...#+## #.# #.#.#(#.#
####...## #.# #.#.#.#.#
##.....###.# #.....# # #
##.......##.###.#...#
....###..$......#.##......#
......'.......(a♣(........#
...####........$#(..........#
##.....>.######.##.####
##.....## ####.# ##..(## #.#
##+## #.# .# .#


You could see a worker ant (inner flame).

Vanquished Creatures
  2 worker ants (D:4)
  5 adders
  2 oozes
  A worm (D:3)
  2 dart slugs (D:1)
  2 leopard geckos
  9 orcs (D:3)
  3 giant cockroaches
  4 goblins
  10 hobgoblins
  5 jackals
  A quokka (D:3)
  2 ball pythons (D:2)
  3 bats (D:1)
  4 frilled lizards
  6 kobolds
  12 rats
73 creatures vanquished.

Notes
Turn   | Place    | Note
-------+----------+-------------------------------------------
     0 | D:1      | ciochetta the Centaur Hunter began the quest for the Orb.
     0 | D:1      | Reached XP level 1. HP: 17/17 MP: 1/1
   244 | D:1      | Reached XP level 2. HP: 24/24 MP: 2/2
   360 | D:1      | Reached skill level 6 in Bows
   461 | D:1      | Reached XP level 3. HP: 29/29 MP: 3/3
  1699 | D:3      | Reached skill level 7 in Bows
  1699 | D:3      | Reached XP level 4. HP: 36/36 MP: 4/4
  2152 | D:3      | Reached XP level 5. HP: 42/42 MP: 5/5
  2523 | D:4      | Reached skill level 8 in Bows
  2583 | D:4      | Gained mutation: Your spells are a little easier to cast,
                  | but a little less powerful. [potion of mutation]
  2583 | D:4      | Gained mutation: You are clumsy. (Dex -2) [potion of
                  | mutation]
  2583 | D:4      | Gained mutation: Scrolls take you a little longer to read.
                  | [potion of mutation]
  2583 | D:4      | Gained mutation: Your mind is acute. (Int +2) [potion of
                  | mutation]
  2588 | D:4      | HP: 3/66 [poisoned by a worker ant]
  2595 | D:4      | Slain by a worker ant

Vault maps used:
D:1:      lemuel_arrival_muddy
D:2:      first_ration
D:3:      minmay_evil_eye, nrook_mini_vaults
D:4:      minitemple

Skill      XL: |  1  2  3  4  5 |
---------------+----------------+-----
Bows           | 6 7 8 |  8.0
Fighting       | |  2.8
Short Blades   | |  0.2
Armour         | |  0.9
Dodging        | |  1.5
Stealth        | |  0.5

Action                   |  1- 3 |  4- 6 || total
-------------------------+-------+-------++-------
Melee: Short sword       |     6 |     7 ||    13
       Kick              |       |     2 ||     2
 Fire: Shortbow          |   110 |   110 ||   220
  Use: Scroll            |     6 |     4 ||    10
       Potion            |     2 |     6 ||     8
  Eat: Ration            |       |     1 ||     1
Armor: Leather armour    |    14 |    23 ||    37
       Skin              |       |    10 ||    10
Dodge: Dodged            |    11 |    30 ||    41

Table legend:
 A = Non-vault XP
 B = Vault XP
 C = Vault XP percentage of total XP
 D = Non-vault monster count
 E = Vault monster count
 F = Vault count percentage of total count
                 A         B        C        D         E       F
            +---------+---------+-------+---------+---------+-------
      Total |     260 |       8 |   3.0 |      71 |       2 |   2.7
            +---------+---------+-------+---------+---------+-------
        D:1 |      50 |       0 |   0.0 |      27 |       0 |   0.0
        D:2 |      41 |       0 |   0.0 |      15 |       0 |   0.0
        D:3 |     102 |       8 |   7.3 |      27 |       2 |   6.9
        D:4 |      67 |       0 |   0.0 |       2 |       0 |   0.0
            +---------+---------+-------+---------+---------+-------
